 Dungeon Crawl Stone Soup version 0.22.0-36-g8e74550 (webtiles) character file.

16 Anon1729 the Fighter (level 2, 0/36 HPs)
             Began as a Gnoll Wanderer on Aug 24, 2018.
             Slain by Jessica
             ... wielding a +0 dagger
              (3 damage)
             ... on level 2 of the Dungeon.
             The game lasted 00:00:59 (483 turns).

Anon1729 the Fighter (Gnoll Wanderer)                Turns: 483, Time: 00:00:59

Health: 0/36       AC:  4    Str: 14    XL:     2   Next: 54%
Magic:  2/2        EV: 12    Int: 14    God:
Gold:   37         SH:  0    Dex: 14    Spells: 1/1 levels left

rFire    . . .     SeeInvis .   d - +0 quarterstaff
rCold    . . .     Gourm    .   (shield currently unavailable)
rNeg     . . .     Faith    .   a - +0 leather armour
rPois    .         Spirit   .   (no helmet)
rElec    .         Reflect  .   (no cloak)
rCorr    .         Harm     .   (no gloves)
MR       .....                  m - +0 pair of boots
Stlth    ++........             (no amulet)
HPRegen  0.12/turn              (no ring)
MPRegen  0.08/turn              (no ring)

@: flying, slowed, very slow
A: distributed training, fangs 1, strong nose
a: no special abilities


You were on level 2 of the Dungeon.
You were not hungry.

You visited 1 branch of the dungeon, and saw 2 of its levels.

You collected 37 gold pieces.

Inventory:

Hand Weapons
 d - a +0 quarterstaff (weapon)
 e - a +0 dagger
 j - a +2 dagger of venom
Missiles
 b - 3 throwing nets (quivered)
Armour
 a - a +0 leather armour (worn)
 m - a +0 pair of boots (worn)
Jewellery
 l - a cursed amulet of inaccuracy {unknown}
Scrolls
 c - a scroll of teleportation
 h - a scroll of fog {unknown}
 k - a scroll of random uselessness {unknown}
Comestibles
 f - 3 rations
 g - a chunk of flesh


   Skills:
 + Level 10.3 Fighting
 + Level 2.5 Short Blades
 + Level 0.4 Long Blades
 + Level 0.4 Axes
 + Level 0.4 Maces & Flails
 + Level 0.4 Polearms
 + Level 2.5 Staves
 + Level 0.4 Slings
 + Level 0.4 Bows
 + Level 0.4 Crossbows
 + Level 0.4 Throwing
 + Level 0.4 Armour
 + Level 2.5 Dodging
 + Level 4.1 Stealth
 + Level 0.4 Shields
 + Level 0.4 Unarmed Combat
 + Level 0.4 Spellcasting
 + Level 0.2 Conjurations
 + Level 0.2 Hexes
 + Level 0.2 Charms
 + Level 0.2 Summonings
 + Level 0.2 Necromancy
 + Level 0.2 Translocations
 + Level 0.2 Transmutations
 + Level 0.2 Fire Magic
 + Level 0.2 Ice Magic
 + Level 0.2 Air Magic
 + Level 0.2 Earth Magic
 + Level 0.2 Poison Magic
 + Level 0.5 Invocations
 + Level 0.4 Evocations


You had one spell level left.
You didn't know any spells.
Your spell library was empty.

Dungeon Overview and Level Annotations

Branches:
Dungeon (2/15)

Altars:

Annotations:
D:2 Jessica, Terence


Innate Abilities, Weirdness & Mutations

Your experience applies equally to all skills.
You have very sharp teeth.
Your uncanny sense of smell can sniff out nearby items.


Message History

Jessica casts a spell at you. Pain shoots through your body!
* * * LOW HITPOINT WARNING * * *
Some of the chunks of flesh in your inventory have rotted away.
It was a potion of flight.
You feel very buoyant.
You fly up into the air.
The bat barely misses you. Jessica completely misses you.
The bat hits you but does no damage. The quokka closely misses you.
Jessica gestures at you while chanting.
You feel as though you will be slow longer.
The quokka bites you but does no damage.
The bat hits you but does no damage. Jessica barely misses you.
Jessica gestures at you while chanting. You resist with some effort.
The bat barely misses you. Jessica hits you but does no damage.
The quokka barely misses you. Jessica closely misses you.
A rat comes into view.
Jessica hits you with a dagger.
You die...

####...####..........#
..<............>...#.#
####...#########.#.#.#
##.## #.....# #.#
###..## #.# #..# #.#
#..# .. ###..####
####@@rw...###
#.....b...>...#
#.###.......#.#
.>...(..........
...........#.###
..#.#.......#.# #
#.#.....).# .
r..###.###. . .#. ..#
.#


You could see a worm, Jessica, a quokka, a bat and a rat (wandering).

Vanquished Creatures
  An ooze (D:1)
  A giant cockroach (D:1)
  2 goblins (D:1)
  3 hobgoblins (D:1)
  2 kobolds (D:1)
  A frilled lizard (D:1)
10 creatures vanquished.

Notes
Turn   | Place    | Note
-------+----------+-------------------------------------------
     0 | D:1      | Reached skill level 10 in Fighting
     0 | D:1      | Anon1729 the Gnoll Wanderer began the quest for the Orb.
     0 | D:1      | Anon1729 set off with: a +0 leather armour, 3 throwing nets, a scroll of teleportation, a +0 quarterstaff, a +0 dagger, a ration
     0 | D:1      | Reached XP level 1. HP: 28/28 MP: 1/1
    74 | D:1      | Reached XP level 2. HP: 36/36 MP: 2/2
   451 | D:2      | Noticed Terence
   472 | D:2      | Noticed Jessica
   483 | D:2      | Slain by Jessica

Skill      XL: | |
---------------+-+-----
Fighting       | | 10.3
Short Blades   | |  2.5
Long Blades    | |  0.4
Axes           | |  0.4
Maces & Flails | |  0.4
Polearms       | |  0.4
Staves         | |  2.5
Slings         | |  0.4
Bows           | |  0.4
Crossbows      | |  0.4
Throwing       | |  0.4
Armour         | |  0.4
Dodging        | |  2.5
Stealth        | |  4.1
Shields        | |  0.4
Unarmed Combat | |  0.4
Spellcasting   | |  0.4
Conjurations   | |  0.2
Hexes          | |  0.2
Charms         | |  0.2
Summonings     | |  0.2
Necromancy     | |  0.2
Translocations | |  0.2
Transmutations | |  0.2
Fire Magic     | |  0.2
Ice Magic      | |  0.2
Air Magic      | |  0.2
Earth Magic    | |  0.2
Poison Magic   | |  0.2
Invocations    | |  0.5
Evocations     | |  0.4

Action                   || total
-------------------------++-------
Melee: Quarterstaff      ||    10
       Bite              ||     3
       Dagger            ||    11
  Use: Potion            ||     1
 Stab: Sleeping          ||     4
Armor: Leather armour    ||    11
Dodge: Dodged            ||    23
